AoeStats
← KootH.

African Clearing

505126309Analyzed
4v4 RM · 25d ago on Sep 7, 2026· 50m 2s· 8 players
Game mode
Random Map
Map size
Large (8 player)
Population
200
Speed
Normal
Resources
Standard
Victory
Conquest
Starting age
Dark Age
Ending age
Imperial Age
RankedLock teamsTeams togetherTeam positionsShared explorationLock speedFull tech treeHidden civsTurbo modeCheats
Victory
Defeat
🇲🇽 Khmer · Mexico
1663
+12
🇦🇷 Tupi · Argentina
1600
+15
🇧🇷 Sicilians · Brazil
1521
+18
🇨🇴 Berbers · Colombia
1493
+19
🇯🇵 Burgundians · Japan
1594
-17
🇨🇴 Berbers · Colombia
1585
-17
🇺🇸 Jurchens · United States
1576
-16
🇨🇳 Celts · China
1514
-14
Deadbeat Dan
8:12 Loom
13:30 Feudal Age
14:28 Double-Bit Axe
17:20 Castle Age
16:10 Bloodlines
16:05 Horse Collar
17:46 Scale Barding Armor
22:05 Husbandry
22:02 Town Watch
24:17 Wheelbarrow
24:22 Chain Barding Armor
34:12 Bow Saw
38:08 Hand Cart
40:49 Imperial Age
38:59 Forging
40:40 Iron Casting
40:45 Heavy Plow
40:29 Light Cavalry
42:07 Plate Barding Armor
41:32 Elite Steppe Lancer
43:22 Blast Furnace
43:28 Conscription
43:31 Fletching
44:30 Gold Mining
45:46 Bodkin Arrow
47:02 Gold Shaft Mining
46:22 Stone Mining
47:53 Two-Man Saw
47:31 Bracer
48:15 Fortified Bastions
Darkness__
12:18 Feudal Age
11:22 Loom
12:50 Double-Bit Axe
12:45 Horse Collar
14:31 Loom
21:21 Castle Age
20:30 Bloodlines
21:03 Fletching
21:36 Stone Mining
21:37 Gold Mining
22:22 Bodkin Arrow
22:38 Bow Saw
22:32 Heavy Plow
26:47 Husbandry
32:34 Ballistics
35:08 Imperial Age
33:16 Wheelbarrow
33:21 Scale Mail Armor
33:24 Padded Archer Armor
35:56 Bracer
36:58 Chemistry
野象
7:13 Loom
15:01 Feudal Age
うーぺー
3:27 Double-Bit Axe
5:08 Loom
14:40 Feudal Age
18:28 Castle Age
16:54 Bow Saw
17:01 Fishing Lines
17:31 Stone Mining
18:50 Gold Mining
20:04 Wheelbarrow
20:58 Two-Man Saw
21:36 Hand Cart
23:09 Scale Barding Armor
26:12 Horse Collar
30:31 Husbandry
37:17 Chain Barding Armor
37:14 Forging
37:06 Heavy Plow
44:01 Imperial Age
42:18 Murder Holes
45:41 Imperial Age
|Thepejezombie
6:15 Loom
13:12 Feudal Age
16:14 Castle Age
14:35 Double-Bit Axe
17:05 Bow Saw
22:09 Town Watch
22:32 Horse Collar
32:50 Imperial Age
31:05 Wheelbarrow
31:28 Husbandry
31:39 Bloodlines
31:32 Gold Mining
32:17 Hand Cart
32:04 Heavy Plow
32:17 Scale Barding Armor
32:23 Forging
33:29 Chain Barding Armor
32:52 Elite Battle Elephant
33:54 Conscription
34:24 Iron Casting
34:28 Tusk Swords
35:47 Plate Barding Armor
37:22 Blast Furnace
36:47 Light Cavalry
48:47 Spies/Treason
PoopMaster
3:19 Loom
34:43 Feudal Age
35:10 Double-Bit Axe
35:08 Horse Collar
35:27 Gold Mining
41:46 Castle Age
42:55 Bow Saw
42:48 Heavy Plow
46:45 Scale Mail Armor
46:55 Forging
46:08 Pikeman
46:56 Squires
50:36 Wheelbarrow
KootH.
3:15 Loom
11:32 Feudal Age
13:05 Double-Bit Axe
16:30 Forging
20:39 Horse Collar
22:04 Wheelbarrow
24:43 Castle Age
23:27 Scale Barding Armor
23:52 Gold Mining
26:28 Bow Saw
26:52 Husbandry
27:26 Bloodlines
34:49 Heavy Plow
36:58 Chain Barding Armor
38:17 Iron Casting
42:55 Imperial Age
40:48 Hand Cart
40:38 Town Watch
42:39 Gold Shaft Mining
42:58 Heavy Camel Rider
44:15 Plate Barding Armor
44:40 Blast Furnace
44:14 Crop Rotation
44:49 Maghrebi Camels
48:13 Conscription
49:43 Town Patrol
50:57 Hoardings
50:36 Masonry
50:06 Treadmill Crane
Sick Porky Stoner
9:38 Loom
12:21 Feudal Age
16:14 Castle Age
16:13 Double-Bit Axe
17:26 Fletching
20:37 Bodkin Arrow
22:42 Horse Collar
30:28 Ballistics
31:44 Wheelbarrow
33:11 Padded Archer Armor
36:43 Imperial Age
35:13 Squires
34:34 Pikeman
35:14 Scale Mail Armor
36:18 Chain Mail Armor
36:13 Forging
36:33 Bow Saw
37:36 Bracer
37:33 Town Watch
41:04 Chemistry
41:39 Halberdier
46:18 Champi Runner
47:37 Plate Mail Armor
47:18 Forging
47:27 Heavy Plow
47:59 Conscription
47:23 Champi Warrior
48:14 Forging
48:05 Arson
48:38 Leather Archer Armor
49:22 Hand Cart
48:30 Elite Champi Warrior
50:01 Iron Casting
49:20 Spies/Treason
50:21 Caciques
51:08 Ring Archer Armor
Connection lost

Rejoining the realm…

Still unreachable

The connection could not be restored.

Session expired

The server has moved on; the page needs a fresh start.